 Dungeon Sprint DCSS version 0.28-a0-1412-gf95308ed99 (webtiles) character file.

Game seed: 4023869562982005942

5460 mhtbhm the Severer (level 10, -13/108 HPs)
             Began as a Minotaur Berserker on Jan 7, 2022.
             Was the Champion of Trog.
             Mangled by a death cob (14 damage)
             ... in the Dungeon (Sprint VII: "The Pits").
             The game lasted 00:03:10 (1777 turns).

mhtbhm the Severer (Minotaur Berserker)             Turns: 1777, Time: 00:03:11

Health: -13/108    AC: 19    Str: 26    XL:     10   Next: 41%
Magic:  9/9        EV: 12    Int:  4    God:    Trog [******]
Gold:   0          SH:  0    Dex: 10    Spells: 9/9 levels left

rFire   . . .      SeeInvis .   a - +3 battleaxe (vorpal)
rCold   . . .      Faith    .   (shield currently unavailable)
rNeg    . . .      Spirit   .   b - +3 chain mail
rPois   .          Reflect  .   (helmet restricted)
rElec   .          Harm     .   o - +0 cloak
rCorr   .          Rampage  .   p - +0 pair of gloves
Will    .....      NoTele   +   (no boots)
Stlth   ..........              (no amulet)
HPRegen 0.28/turn               (no ring)
MPRegen 0.11/turn               (no ring)

@: on berserk cooldown, slowed, invisible, very slow
A: horns 2, retaliatory headbutt
a: Renounce Religion, Berserk, Trog's Hand, Brothers in Arms


You were in the Dungeon.
You worshipped Trog.
Trog was exalted by your worship.
You visited 1 branch

Inventory:

Hand Weapons
 a - a +3 vorpal battleaxe (weapon)
 k - a +3 executioner's axe of flaming
Armour
 b - a +3 chain mail (worn)
 o - a +0 cloak (worn)
 p - a +0 pair of gloves (worn)
Jewellery
 l - a +3 ring of strength
Scrolls
 j - a scroll of summoning
Potions
 c - 8 potions of curing
 d - 4 potions of heal wounds
 e - a potion of haste
 f - 4 potions of magic
 g - 3 potions of berserk rage
 i - a potion of invisibility
 n - a potion of might


   Skills:
 + Level 16.3 Fighting
 + Level 18.2 Axes
 + Level 13.7 Armour
 + Level 10.0 Dodging
 + Level 1.6 Stealth


You had 9 spell levels left.
You didn't know any spells.
Your spell library was empty.

Dungeon Overview and Level Annotations

Branches:
Dungeon (1/1)

Altars:


Innate Abilities, Weirdness & Mutations

You have a pair of horns on your head.
You reflexively headbutt those who attack you in melee.


Message History

The floor.
Unknown command.
You feel much better. The death cob hits you. The death cob drains your vigour!
You feel as though you will be slow longer.
The death cob hits you.
The centaur hits you but does no damage.
The centaur barely misses you. The death cob barely misses you.
You furiously retaliate!
You headbutt the death cob, but do no damage.
The centaur barely misses you.
The centaur kicks you but does no damage.
Your iron troll goes berserk!
The death cob barely misses you. You furiously retaliate!
You headbutt the death cob! The death cob hits you!!
* * * LOW HITPOINT WARNING * * *
The death cob hits you.
* * * LOW HITPOINT WARNING * * *
The death cob drains your vigour!
You feel as though you will be slow longer.
The centaur hits you but does no damage.
The centaur misses you. The death cob hits you!
* * * LOW HITPOINT WARNING * * *
The death cob drains your vigour!
You feel as though you will be slow longer.
The centaur closely misses you. The centaur kicks you.
* * * LOW HITPOINT WARNING * * *
Unknown command.
You feel much better. The death cob hits you!
* * * LOW HITPOINT WARNING * * *
The death cob drains your vigour!
You feel as though you will be slow longer.
The death cob closely misses you. The centaur closely misses you.
The centaur misses you. The death cob hits you!
* * * LOW HITPOINT WARNING * * *
The death cob drains your vigour!
You feel as though you will be slow longer.
The centaur barely misses you. The centaur closely misses you.
Your iron troll bites the death cob!!
Your iron troll claws the death cob!!
Your iron troll claws the death cob!
The death cob hits you!
You die...

.........+ .........+
..#......# .........#
##''######
##''###########
##......+..+...###
##......+..+.....##
##.....##..##...@T##
##...###....###.zc.#
##..##........###.###
##''#)..#..#...#)...#
##...).........')...+
##++#)..#..#...#....#
##..##........###.###
##...###....###....#
##.....##..##.....##


You could see a death cob (ally target), a centaur and a friendly iron troll
(summoned, berserk).

Vanquished Creatures
  A large abomination (D)
  A deep troll (D)
  A lindwurm (D)
  A necromancer (D)
  Maurice (D)
  A gargoyle (D)
  A cane toad (D)
  A snapping turtle (D)
  5 blink frogs (D)
  A water elemental (D)
  A shadow (D)
  A wyvern (D)
  A spriggan (D)
  2 fire bats (D)
  A redback (D)
  A floating eye (D)
  A necrophage (D)
  A centaur (D)
  A bullfrog (D)
  A scorpion (D)
  A jelly (D)
  2 gnoll shamans (D)
  An iguana (D)
  Terence (D)
  7 gnolls (D)
  A white imp (D)
  An adder skeleton (D)
  An adder zombie (D)
  An orc (D)
  A bat skeleton (D)
  An endoplasm (D)
  2 hobgoblins (D)
  5 jackals (D)
  A quokka (D)
  A ball python (D)
  A ball python skeleton (D)
  A ball python zombie (D)
  A frilled lizard (D)
  A jackal zombie (D)
  A rat (D)
57 creatures vanquished.

Notes
Turn   | Place    | Note
-------+----------+-------------------------------------------
     0 | D        | mhtbhm the Minotaur Berserker began the quest for the Orb.
     0 | D        | Reached XP level 1. HP: 19/19 MP: 0/0
    17 | D        | Reached skill level 4 in Axes
   157 | D        | Noticed a scorpion
   163 | D        | Killed a scorpion
   163 | D        | Reached ** piety under Trog
   164 | D        | Reached skill level 6 in Axes
   164 | D        | Reached XP level 2. HP: 31/31 MP: 1/1
   164 | D        | Reached XP level 3. HP: 38/38 MP: 2/2
   218 | D        | Noticed a floating eye
   226 | D        | Killed a floating eye
   226 | D        | Reached *** piety under Trog
   227 | D        | Reached skill level 8 in Axes
   227 | D        | Reached XP level 4. HP: 49/49 MP: 3/3
   227 | D        | Reached XP level 5. HP: 56/56 MP: 4/4
   231 | D        | Reached skill level 9 in Axes
   305 | D        | Noticed a necrophage
   306 | D        | Noticed a centaur
   306 | D        | Noticed a fire bat
   310 | D        | Killed a necrophage
   310 | D        | Reached **** piety under Trog
   311 | D        | Reached skill level 10 in Axes
   311 | D        | Reached skill level 5 in Armour
   311 | D        | Reached skill level 5 in Dodging
   313 | D        | Killed a centaur
   314 | D        | Reached skill level 10 in Fighting
   314 | D        | Reached XP level 6. HP: 66/66 MP: 5/5
   314 | D        | Killed a fire bat
   315 | D        | Reached skill level 11 in Axes
   315 | D        | Reached ***** piety under Trog
   366 | D        | Noticed a deep troll
   380 | D        | Killed a deep troll
   381 | D        | Reached skill level 13 in Axes
   381 | D        | Reached XP level 7. HP: 32/78 MP: 6/6
   580 | D        | Noticed a fire bat
   596 | D        | Killed a fire bat
   597 | D        | Reached XP level 8. HP: 84/85 MP: 7/7
   702 | D        | Received a gift from Trog
   703 | D        | Reached skill level 14 in Axes
   707 | D        | Received a gift from Trog
  1059 | D        | Noticed Terence
  1059 | D        | Noticed a cane toad
  1060 | D        | Noticed a gargoyle
  1062 | D        | Noticed a necromancer
  1063 | D        | Reached skill level 1 in Stealth
  1068 | D        | Killed Terence
  1069 | D        | Killed a gargoyle
  1069 | D        | Reached ****** piety under Trog
  1070 | D        | Reached skill level 15 in Axes
  1070 | D        | Reached skill level 10 in Armour
  1070 | D        | Reached XP level 9. HP: 64/95 MP: 8/8
  1072 | D        | Killed a necromancer
  1072 | D        | Received a gift from Trog
  1074 | D        | Killed a cane toad
  1075 | D        | Reached skill level 16 in Axes
  1415 | D        | Noticed a lindwurm
  1418 | D        | Reached skill level 15 in Fighting
  1429 | D        | Killed a lindwurm
  1430 | D        | Reached skill level 17 in Axes
  1430 | D        | Reached XP level 10. HP: 31/106 MP: 9/9
  1430 | D        | Received a gift from Trog
  1747 | D        | Noticed Maurice
  1747 | D        | Noticed a large abomination
  1753 | D        | Killed a large abomination
  1754 | D        | Reached skill level 18 in Axes
  1754 | D        | Reached skill level 10 in Dodging
  1757 | D        | Killed Maurice
  1759 | D        | Received a gift from Trog
  1767 | D        | Noticed a death cob
  1776 | D        | HP: 4/108 [centaur (3)]
  1777 | D        | HP: 1/108 [death cob (14)]
  1777 | D        | Mangled by a death cob

Illustrated notes

Levels and vault maps discovered:
D:        pitsprint [storerooms_1, entrance_room_1, metal_vault_4, armoury_2,
          mini_pit_1, grid_room_1, main_hall_1, silver_pit, the_coven_3,
          the_vestibule_1, steel_vault_3, golden_pit, hallway_of_sentries,
          crystal_vault_1, iron_vault_2, final_vault]

Skill      XL: |  1  2  3  4  5  6  7  8  9 10 |
---------------+-------------------------------+-----
Fighting       | 6 8 10 12 14 15 16 | 16.3
Axes           | 6 8 10 13 15 17 18 | 18.2
Armour         | 3 4 5 7 8 10 12 13 | 13.7
Dodging        | 3 4 6 7 8 9 10 | 10.0
Stealth        | 1 |  1.6

Action                   |  1- 3 |  4- 6 |  7- 9 | 10-12 || total
-------------------------+-------+-------+-------+-------++-------
Melee: Hand axe          |    16 |    24 |    22 |       ||    62
       Headbutt          |     3 |     6 |     9 |       ||    18
       Broad axe         |       |       |    37 |     3 ||    40
       Punch             |       |       |     1 |       ||     1
       Battleaxe         |       |       |       |    11 ||    11
Invok: Berserk           |     1 |     1 |     2 |     1 ||     5
       Brothers in Arms  |       |       |       |     1 ||     1
  Use: Potion            |     1 |     2 |       |     7 ||    10
       Scroll            |       |       |       |     1 ||     1
Armor: Animal skin       |     1 |       |       |       ||     1
       Chain mail        |       |    15 |    33 |    18 ||    66
Dodge: Dodged            |     9 |    13 |    40 |    36 ||    98

Table legend: (Time is in decaauts)
 A = Elapsed time spent in this place.
 B = Non-inter-level travel time spent in this place.
 C = Inter-level travel time spent in this place.
 D = Time resting spent in this place.
 E = Time spent auto-exploring this place.
 F = Levels seen in this place.
 G = Mean time per level.
                   A        B        C        D        E       F      G
               +--------+--------+--------+--------+--------+-----+--------+
         Total |   1797 |   1797 |      0 |   1319 |      0 |   1 | 1797.0 |
       Dungeon |   1797 |   1797 |      0 |   1319 |      0 |   1 | 1797.0 |
               +--------+--------+--------+--------+--------+-----+--------+

Top non-repeatable levels by time:
       D: 1797 daAuts
